APP
BOSTON (APP) RED SOX @ GREAT FALLS VOYAGERS
10/29/2046
 
TOP OF THE 1ST
Toronto (WIN) Blue Jays batting - Pitching for Oakland (WIN) Athletics : RHP Carlos Alaniz
Pitching: RHP Carlos Alaniz
Batting: LHB Yoshinari Nara 0-0: Called Strike
0-1: Foul Ball, location: 2F
0-2: Strikes out swinging
Batting: RHB Finn Ross 0-0: Foul Ball, location: 2F
0-1: Fly out, F8 (Flyball, 8RD, EV 89.4 MPH)
Batting: RHB Danny Burnside 0-0: Swinging Strike
0-1: Foul Ball, location: 2F
0-2: Ball
1-2: Foul Ball, location: 2F
1-2: Ball
2-2: Foul Ball, location: 2F
2-2: Ball
3-2: Fly out, F5 (Line Drive, 5, EV 67.5 MPH)
Top of the 1st over - 0 runs, 0 hits, 0 errors, 0 left on base; Toronto (WIN) 0 - Oakland (WIN) 0
BOTTOM OF THE 1ST
Oakland (WIN) Athletics batting - Pitching for Toronto (WIN) Blue Jays : RHP Zack Rust
Pitching: RHP Zack Rust
Batting: LHB Zachary DeLuca 0-0: Ball
1-0: Ball
2-0: Ball
3-0: Called Strike
3-1: Base on Balls
Batting: RHB Armando Estrada 0-0: Grounds into double play, 6-4-3 (Groundball, 6, EV 78.8 MPH)
Batting: LHB John Shults 0-0: Called Strike
0-1: Ball
1-1: Called Strike
1-2: Strikes out looking
Bottom of the 1st over - 0 runs, 0 hits, 0 errors, 0 left on base; Toronto (WIN) 0 - Oakland (WIN) 0
TOP OF THE 2ND
Toronto (WIN) Blue Jays batting - Pitching for Oakland (WIN) Athletics : RHP Carlos Alaniz
Batting: SHB Jack Andrews 0-0: Fly out, F8 (Flyball, 8RM, EV 86.9 MPH)
Batting: RHB Jordan Fairburn 0-0: Ball
1-0: Ball
2-0: Ball
3-0: Called Strike
3-1: Base on Balls
Batting: RHB Danny Heyer 0-0: Called Strike
0-1: Ball
1-1: Ball
2-1: Foul Ball, location: 2F
2-2: Ground out 4-3 (Groundball, 34, EV 94.4 MPH)
Jordan Fairburn to second
Batting: RHB Mike Strey 0-0: Ball
1-0: Ball
2-0: Called Strike
2-1: Foul Ball, location: 2F
2-2: Fly out, F7 (Flyball, 7, EV 81.9 MPH)
Top of the 2nd over - 0 runs, 0 hits, 0 errors, 1 left on base; Toronto (WIN) 0 - Oakland (WIN) 0
BOTTOM OF THE 2ND
Oakland (WIN) Athletics batting - Pitching for Toronto (WIN) Blue Jays : RHP Zack Rust
Batting: RHB Dave Glenn 0-0: Swinging Strike
0-1: Fly out, F9 (Flyball, 9, EV 83.8 MPH)
Batting: LHB Chance Stever 0-0: Foul Ball, location: 2F
0-1: Foul Ball, location: 2F
0-2: Strikes out swinging
Batting: RHB Eduardo Chavez 0-0: Ball
1-0: Ball
2-0: Ball
3-0: Called Strike
3-1: Ground out 6-3 (Groundball, 6, EV 88.8 MPH)
Bottom of the 2nd over - 0 runs, 0 hits, 0 errors, 0 left on base; Toronto (WIN) 0 - Oakland (WIN) 0
TOP OF THE 3RD
Toronto (WIN) Blue Jays batting - Pitching for Oakland (WIN) Athletics : RHP Carlos Alaniz
Batting: SHB Spencer Jones 0-0: Ball
1-0: Ground out U3 (Groundball, 34, EV 99.4 MPH)
Batting: RHB Cyril Husson 0-0: Called Strike
0-1: Ground out 4-3 (Groundball, 4M, EV 98.1 MPH)
Batting: LHB Yoshinari Nara 0-0: Called Strike
0-1: Ball
1-1: Called Strike
1-2: Ball
2-2: Ball
3-2: SOLO HOME RUN (Flyball, 89XD, EV 94.4 MPH) (Inside the Park)
Batting: RHB Finn Ross 0-0: Called Strike
0-1: Swinging Strike
0-2: Ball
1-2: Strikes out swinging
Top of the 3rd over - 1 run, 1 hit, 0 errors, 0 left on base; Toronto (WIN) 1 - Oakland (WIN) 0
BOTTOM OF THE 3RD
Oakland (WIN) Athletics batting - Pitching for Toronto (WIN) Blue Jays : RHP Zack Rust
Batting: SHB John Cummings 0-0: Fly out, F7 (Flyball, 78D, EV 85.0 MPH)
Batting: RHB Edgar Landim 0-0: Swinging Strike
0-1: Swinging Strike
0-2: Strikes out swinging
Batting: RHB Manny Moron 0-0: Called Strike
0-1: Ball
1-1: Foul Ball, location: 2F
1-2: Ball
2-2: Strikes out swinging
Bottom of the 3rd over - 0 runs, 0 hits, 0 errors, 0 left on base; Toronto (WIN) 1 - Oakland (WIN) 0
TOP OF THE 4TH
Toronto (WIN) Blue Jays batting - Pitching for Oakland (WIN) Athletics : RHP Carlos Alaniz
Batting: RHB Danny Burnside 0-0: Ball
1-0: Ball
2-0: Called Strike
2-1: Swinging Strike
2-2: Ground out 4-3 (Groundball, 4, EV 87.5 MPH)
Batting: SHB Jack Andrews 0-0: Called Strike
0-1: Swinging Strike
0-2: Ball
1-2: Ball
2-2: Strikes out swinging
Batting: RHB Jordan Fairburn 0-0: Called Strike
0-1: Foul Ball, location: 2F
0-2: Ball
1-2: Strikes out looking
Top of the 4th over - 0 runs, 0 hits, 0 errors, 0 left on base; Toronto (WIN) 1 - Oakland (WIN) 0
BOTTOM OF THE 4TH
Oakland (WIN) Athletics batting - Pitching for Toronto (WIN) Blue Jays : RHP Zack Rust
Batting: LHB Zachary DeLuca 0-0: Called Strike
0-1: SINGLE (Line Drive, 8LS, EV 108.1 MPH)
Batting: RHB Armando Estrada 0-0: Ball
1-0: Called Strike
1-1: Foul Ball, location: 2F
1-2: SINGLE (Groundball, 56S, EV 69.4 MPH) (infield hit)
Zachary DeLuca to second
Batting: LHB John Shults 0-0: Ball
1-0: Fly out, F8 (Flyball, 8LM, EV 85.0 MPH)
Batting: RHB Dave Glenn 0-0: Called Strike
0-1: Ball
1-1: Fielders Choice at 2nd, 2-4 (Groundball, 15S, EV 71.9 MPH)
Zachary DeLuca to third
Batting: LHB Chance Stever 0-0: Called Strike
0-1: Ball
1-1: Swinging Strike
1-2: Fielders Choice at 2nd, 5-4 (Groundball, 56, EV 89.4 MPH)
Bottom of the 4th over - 0 runs, 2 hits, 0 errors, 2 left on base; Toronto (WIN) 1 - Oakland (WIN) 0
TOP OF THE 5TH
Toronto (WIN) Blue Jays batting - Pitching for Oakland (WIN) Athletics : RHP Carlos Alaniz
Batting: RHB Danny Heyer 0-0: Ball
1-0: Ball
2-0: Ball
3-0: Ground out 6-3 (Groundball, 6, EV 104.4 MPH)
Batting: RHB Mike Strey 0-0: Ball
1-0: Called Strike
1-1: Called Strike
1-2: Ball
2-2: Strikes out swinging
Batting: SHB Spencer Jones 0-0: Called Strike
0-1: Foul Ball, location: 2F
0-2: SINGLE (Flyball, 6MD, EV 86.9 MPH)
Batting: RHB Cyril Husson 0-0: Called Strike
0-1: Ball
1-1: Ball
Spencer Jones steals 2nd base
2-1: Ball
3-1: Called Strike
3-2: Strikes out swinging
Top of the 5th over - 0 runs, 1 hit, 0 errors, 1 left on base; Toronto (WIN) 1 - Oakland (WIN) 0
BOTTOM OF THE 5TH
Oakland (WIN) Athletics batting - Pitching for Toronto (WIN) Blue Jays : RHP Zack Rust
Batting: RHB Eduardo Chavez 0-0: Called Strike
0-1: Foul Ball, location: 2F
0-2: Fly out, F9 (Flyball, 9D, EV 91.2 MPH)
Batting: SHB John Cummings 0-0: Called Strike
0-1: Called Strike
0-2: SOLO HOME RUN (Flyball, 7D, EV 96.9 MPH), Distance : 378 ft
Batting: RHB Edgar Landim 0-0: Ball
1-0: Foul Ball, location: 2F
1-1: Foul Ball, location: 2F
1-2: Strikes out swinging
Batting: RHB Manny Moron 0-0: Fly out, F4 (Flyball, 34D, EV 87.5 MPH)
Bottom of the 5th over - 1 run, 1 hit, 0 errors, 0 left on base; Toronto (WIN) 1 - Oakland (WIN) 1
TOP OF THE 6TH
Toronto (WIN) Blue Jays batting - Pitching for Oakland (WIN) Athletics : RHP Carlos Alaniz
Batting: LHB Yoshinari Nara 0-0: Ball
1-0: Ground out 4-3 (Groundball, 34, EV 98.8 MPH)
Batting: RHB Finn Ross 0-0: Fly out, F7 (Line Drive, 7D, EV 85.6 MPH)
Batting: RHB Danny Burnside 0-0: Ball
1-0: Fly out, F9 (Flyball, 89M, EV 86.9 MPH)
Top of the 6th over - 0 runs, 0 hits, 0 errors, 0 left on base; Toronto (WIN) 1 - Oakland (WIN) 1
BOTTOM OF THE 6TH
Oakland (WIN) Athletics batting - Pitching for Toronto (WIN) Blue Jays : RHP Zack Rust
Batting: LHB Zachary DeLuca 0-0: Called Strike
0-1: Swinging Strike
0-2: Ball
1-2: Strikes out swinging
Batting: RHB Armando Estrada 0-0: Called Strike
0-1: Foul Ball, location: 2F
0-2: Ball
1-2: Ball
2-2: Ball
3-2: Strikes out swinging, 2-3 out at first.
Batting: LHB John Shults 0-0: Called Strike
0-1: Ball
1-1: Foul Ball, location: 2F
1-2: Hit by Pitch
Batting: RHB Dave Glenn 0-0: Ball
1-0: Swinging Strike
1-1: Ball
2-1: Called Strike
2-2: Strikes out swinging
Bottom of the 6th over - 0 runs, 0 hits, 0 errors, 1 left on base; Toronto (WIN) 1 - Oakland (WIN) 1
TOP OF THE 7TH
Toronto (WIN) Blue Jays batting - Pitching for Oakland (WIN) Athletics : RHP Carlos Alaniz
Batting: SHB Jack Andrews 0-0: Called Strike
0-1: Fly out, F9 (Flyball, 9LD, EV 103.8 MPH)
Batting: RHB Jordan Fairburn 0-0: Called Strike
0-1: Foul Ball, location: 2F
0-2: Ball
1-2: Strikes out swinging
Batting: RHB Danny Heyer 0-0: Ball
1-0: Ball
2-0: Ball
3-0: Base on Balls
Batting: RHB Mike Strey 0-0: Called Strike
Danny Heyer steals 2nd base
0-1: Foul Ball, location: 2F
0-2: Ball
1-2: Ball
2-2: Ball
3-2: Foul Ball, location: 2F
3-2: DOUBLE (Line Drive, 9LM, EV 110.0 MPH)
Danny Heyer scores
Batting: SHB Spencer Jones 0-0: Ball
1-0: Called Strike
1-1: Called Strike
1-2: Strikes out looking
Top of the 7th over - 1 run, 1 hit, 0 errors, 1 left on base; Toronto (WIN) 2 - Oakland (WIN) 1
BOTTOM OF THE 7TH
Oakland (WIN) Athletics batting - Pitching for Toronto (WIN) Blue Jays : RHP Zack Rust
Batting: LHB Chance Stever 0-0: Swinging Strike
0-1: Ball
1-1: Ball
2-1: Foul Ball, location: 2F
2-2: Strikes out looking
Batting: RHB Eduardo Chavez 0-0: Ground out U3 (Groundball, 34, EV 105.0 MPH)
Batting: SHB John Cummings 0-0: Ball
1-0: Ball
2-0: Called Strike
2-1: Foul Ball, location: 2F
2-2: Foul Ball, location: 2F
2-2: Strikes out swinging
Bottom of the 7th over - 0 runs, 0 hits, 0 errors, 0 left on base; Toronto (WIN) 2 - Oakland (WIN) 1
TOP OF THE 8TH
Toronto (WIN) Blue Jays batting - Pitching for Oakland (WIN) Athletics : RHP Carlos Alaniz
Pitching: RHP George Rubio
Batting: RHB Cyril Husson 0-0: Called Strike
0-1: Ball
1-1: Foul Ball, location: 2F
1-2: Foul Ball, location: 2F
1-2: Foul Ball, location: 2F
1-2: Ball
2-2: DOUBLE (Line Drive, 78D, EV 102.5 MPH)
Batting: LHB Yoshinari Nara 0-0: Intentional Walk
Batting: RHB Finn Ross 0-0: Ball
1-0: Sac Bunt to 15S - play at first, batter OUT! 1-4
Cyril Husson to third
Yoshinari Nara to second
Batting: RHB Danny Burnside 0-0: Ball
1-0: Ball
2-0: Foul Ball, location: 2F
2-1: Called Strike
2-2: Foul Ball, location: 2F
2-2: Foul Ball, location: 2F
2-2: Foul Ball, location: 2F
2-2: Strikes out swinging
Batting: SHB Jack Andrews 0-0: Called Strike
0-1: Called Strike
0-2: Ball
1-2: Ball
2-2: Ground out U3 (Groundball, 3S, EV 66.9 MPH)
Top of the 8th over - 0 runs, 1 hit, 0 errors, 2 left on base; Toronto (WIN) 2 - Oakland (WIN) 1
BOTTOM OF THE 8TH
Oakland (WIN) Athletics batting - Pitching for Toronto (WIN) Blue Jays : RHP Zack Rust
Now at SS: Darren McCarty Jr.
Batting: RHB Edgar Landim 0-0: Ball
1-0: Called Strike
1-1: Foul Ball, location: 2F
1-2: Ball
2-2: Foul Ball, location: 2F
2-2: Hit by Pitch
Batting: RHB Manny Moron 0-0: Bunted foul
0-1: Sac Bunt to 13S - play at first, batter OUT! 1-4
Edgar Landim to second
Batting: LHB Zachary DeLuca 0-0: Foul Ball, location: 2F
0-1: Fly out, F7 (Flyball, 7D, EV 96.2 MPH)
Runner from 2nd tags up, SAFE at 3rd, no throw by LF
Batting: RHB Armando Estrada 0-0: Ground out 6-3 (Groundball, 6, EV 85.6 MPH)
Bottom of the 8th over - 0 runs, 0 hits, 0 errors, 1 left on base; Toronto (WIN) 2 - Oakland (WIN) 1
TOP OF THE 9TH
Toronto (WIN) Blue Jays batting - Pitching for Oakland (WIN) Athletics : RHP George Rubio
Pitching: RHP Brad Shafer
Batting: RHB Jordan Fairburn 0-0: Foul Ball, location: 2F
0-1: Ball
1-1: Ball
2-1: Foul Ball, location: 2F
2-2: Foul Ball, location: 2F
2-2: Foul Ball, location: 2F
2-2: Ground out U3 (Groundball, 34, EV 84.4 MPH)
Batting: RHB Danny Heyer 0-0: Called Strike
0-1: Foul Ball, location: 2F
0-2: Ball
1-2: Strikes out looking
Batting: RHB Mike Strey 0-0: Ball
1-0: Swinging Strike
1-1: Foul Ball, location: 2F
1-2: Strikes out swinging
Top of the 9th over - 0 runs, 0 hits, 0 errors, 0 left on base; Toronto (WIN) 2 - Oakland (WIN) 1
BOTTOM OF THE 9TH
Oakland (WIN) Athletics batting - Pitching for Toronto (WIN) Blue Jays : RHP Zack Rust
Pitching: LHP Mario Amore
Batting: LHB John Shults 0-0: Ball
1-0: Ball
2-0: Ball
3-0: Called Strike
3-1: Called Strike
3-2: Strikes out looking
Batting: RHB Dave Glenn 0-0: Called Strike
0-1: Swinging Strike
0-2: Ball
1-2: Strikes out swinging
Pinch Hitting: RHB Jonathan Gallup 0-0: Ball
1-0: Ball
2-0: Ball
3-0: Called Strike
3-1: Foul Ball, location: 2F
3-2: Ground out 6-3 (Groundball, 6, EV 93.1 MPH)
Bottom of the 9th over - 0 runs, 0 hits, 0 errors, 0 left on base; Toronto (WIN) 2 - Oakland (WIN) 1
Tuesday, September 13th , 2022 - OOTP Baseball 23.7 Build 88